 Dungeon Crawl Stone Soup version 0.31.0-9-g3a7656b989 (webtiles) character file.

Game seed: 9876381072430655846

77 qw the Shooter (level 4, 0/25 HPs)
             Began as a Deep Elf Hunter on Feb 2, 2024.
             Slain by Terence
             ... wielding a +0 hand axe
              (2 damage)
             ... on level 3 of the Dungeon.
             The game lasted 00:00:07 (1292 turns).

qw the Shooter (Deep Elf Hunter)                    Turns: 1292, Time: 00:00:07

Health: 0/25       AC:  7    Str:  9      XL:     4   Next: 13%
Magic:  6/6        EV:  8    Int: 17 (18) God:
Gold:   129        SH:  0    Dex: 16 (17) Spells: 3/3 levels left

rFire   . . .        a - +0 shortbow
rCold   . . .        (shield currently unavailable)
rNeg    . . .        e - +0 scale mail
rPois   +            (no helmet)
rElec   .            (no cloak)
rCorr   .            (no gloves)
SInv    .            i - +0 pair of boots
Will    .....        (no amulet) Stlth
                     (no ring)
HPRegen 0.24/turn    (no ring)
MPRegen 0.10/turn

%: no passive effects
@: no status effects
A: clever 1, deterioration 1, poison resistance
a: no special abilities


You were on level 3 of the Dungeon.
You visited 1 branch of the dungeon, and saw 3 of its levels.

You collected 129 gold pieces.


Innate Abilities, Weirdness & Mutations

Your mind is acute. (Int +4, Str/Dex -1)
Your body sometimes deteriorates upon taking damage.
Your system is resistant to poisons. (rPois)


   Skills:
 - Level 1.5 Fighting
 + Level 7.5 Ranged Weapons
 - Level 2.4 Dodging
 - Level 1.2 Stealth


You had 3 spell levels left.
You didn't know any spells.
Your spell library was empty.

Inventory:

Hand Weapons
 a - a +0 shortbow (weapon)
Armour
 e - a +0 scale mail (worn)
 i - a +0 pair of boots (worn)
Potions
 f - a potion of heal wounds {unknown}

Dungeon Overview and Level Annotations

Branches:
Dungeon (3/15)

Altars:
Cheibriados
Dithmenos
Elyvilon
Fedhas
Kikubaaqudgha
Nemelex Xobeh
Ru
Trog
Uskayaw
Vehumet
Zin

Annotations:
D:3 Terence


Message History

The arrow hits Terence but does no damage.
Terence is lightly wounded.
Terence hits you with a +0 hand axe. x2
You shoot an arrow. The arrow barely misses Terence.
The arrow hits the dart slug.
The dart slug is heavily wounded.
Terence barely misses you.
You shoot an arrow.
The arrow hits Terence but does no damage.
Terence is lightly wounded.
Terence hits you with a +0 hand axe.
You shoot an arrow.
The arrow hits Terence but does no damage.
Terence is lightly wounded.
Terence hits you but does no damage. Terence hits you with a +0 hand axe.
You shoot an arrow. The arrow hits Terence!
Terence is severely wounded.
Terence barely misses you.
You shoot an arrow.
The arrow hits Terence but does no damage.
Terence is severely wounded.
Terence barely misses you. x2
You shoot an arrow.
The arrow hits Terence but does no damage.
Terence is severely wounded.
Terence completely misses you.
You shoot an arrow.
The arrow hits Terence but does no damage.
Terence is severely wounded.
Terence hits you with a +0 hand axe!
Your body deteriorates!
You feel dopey.
You shoot an arrow.
The arrow hits Terence but does no damage.
Terence is severely wounded.
Terence hits you but does no damage. Terence hits you with a +0 hand axe.
You shoot an arrow. The arrow hits Terence.
Terence is severely wounded.
Terence hits you with a +0 hand axe.
You die...
Terence says, "Time to find some more victims."

##.<.##
##.....##########.
##..[....##........
#........%........#
#........##.#####.#
#.#.....###.#
#.##...## #.# #
###.#####.#
#..w@@....#
......####### ###.#
#


You could see Terence and a dart slug.

Vanquished Creatures
  An adder (D:3)
  A ribbon worm (D:2)
  A dart slug (D:1)
  5 orcs (D:3)
  8 endoplasms
  3 giant cockroaches
  A goblin (D:1)
  3 hobgoblins
  3 kobolds
  6 quokkas
  8 ball pythons
  6 bats
  2 frilled lizards (D:2)
  4 rats
52 creatures vanquished.

Notes
Turn   | Place    | Note
-------+----------+-------------------------------------------
     0 | D:1      | qw the Deep Elf Hunter began the quest for the Orb.
     0 | D:1      | Reached XP level 1. HP: 12/12 MP: 3/3
     0 | D:1      | 0 ||| qw: Version: 0.3-a-155-g5e7d8dd
     0 | D:1      | 0 ||| qw: Game counter: 1115
     0 | D:1      | 0 ||| qw: Melee chars always use a shield: true
     0 | D:1      | 0 ||| qw: God list: Okawaru
     0 | D:1      | 0 ||| qw: Allow faded altars: false
     0 | D:1      | 0 ||| qw: Do Orc after clearing Dungeon:15 true
     0 | D:1      | 0 ||| qw: Do second Lair branch before Depths: true
     0 | D:1      | 0 ||| qw: Lair rune preference: random
     0 | D:1      | 0 ||| qw: Goals: Normal
     0 | D:1      | 0 ||| PLANNING D:1-11
   154 | D:1      | Reached XP level 2. HP: 16/16 MP: 4/4
   157 | D:1      | Reached skill level 6 in Ranged Weapons
   290 | D:1      | Found a faded altar of an unknown god.
   387 | D:1      | Reached XP level 3. HP: 20/20 MP: 5/5
   618 | D:1      | 618 ||| READING scroll labelled BOFOURGH ENNOORR.
   618 | D:1      | 618 ||| IDENTIFYING white potion
   619 | D:1      | 619 ||| DROPPING scroll of butterflies.
   620 | D:1      | 620 ||| DROPPING potion of degeneration.
   684 | D:2      | Reached skill level 7 in Ranged Weapons
  1051 | D:2      | 1051 ||| UPGRADING to +0 scale mail.
  1061 | D:2      | 1061 ||| DROPPING +0 leather armour.
  1062 | D:2      | 1062 ||| UPGRADING to +0 pair of boots.
  1067 | D:2      | 1067 ||| READING scroll of identify.
  1067 | D:2      | 1067 ||| IDENTIFYING fizzy black potion
  1068 | D:2      | 1068 ||| READING scroll labelled TEON ZOIRU ETACH.
  1069 | D:2      | 1069 ||| DRINKING 2 sedimented black potions.
  1069 | D:2      | Gained mutation: You are frail. (-10% HP) [potion of
                  | mutation]
  1069 | D:2      | Gained mutation: Your system is resistant to poisons.
                  | (rPois) [potion of mutation]
  1069 | D:2      | Gained mutation: You expend magic power (3 MP) to
                  | strengthen your wands. [potion of mutation]
  1070 | D:2      | 1070 ||| DRINKING potion of mutation.
  1070 | D:2      | Lost mutation: You expend magic power (3 MP) to strengthen
                  | your wands. [potion of mutation]
  1070 | D:2      | Lost mutation: You are frail. (-10% HP) [potion of
                  | mutation]
  1070 | D:2      | Lost mutation: Your system is resistant to poisons. (rPois)
                  | [potion of mutation]
  1070 | D:2      | Gained mutation: Your mind is acute. (Int +4, Str/Dex -1)
                  | [potion of mutation]
  1070 | D:2      | Gained mutation: Your body sometimes deteriorates upon
                  | taking damage. [potion of mutation]
  1070 | D:2      | Gained mutation: Your system is resistant to poisons.
                  | (rPois) [potion of mutation]
  1077 | D:2      | 1077 ||| DROPPING potion of brilliance.
  1116 | D:3      | Found a glowing silver altar of Zin.
  1119 | D:3      | Found a bloodstained altar of Trog.
  1133 | D:3      | HP: 5/20 [orc/+0 flail (2)]
  1136 | D:3      | HP: 1/20 [orc/+0 trident (4)]
  1139 | D:3      | Reached XP level 4. HP: 3/25 MP: 6/6
  1231 | D:3      | Found a sparkling altar of Nemelex Xobeh.
  1231 | D:3      | Found a radiant altar of Vehumet.
  1231 | D:3      | Found a sacrificial altar of Ru.
  1231 | D:3      | Found a blossoming altar of Fedhas.
  1232 | D:3      | Found a white marble altar of Elyvilon.
  1232 | D:3      | Found a snail-covered altar of Cheibriados.
  1233 | D:3      | Found a hide-covered altar of Uskayaw.
  1235 | D:3      | Found a shadowy altar of Dithmenos.
  1236 | D:3      | Found an ancient bone altar of Kikubaaqudgha.
  1272 | D:3      | Noticed Terence
  1290 | D:3      | HP: 4/25 [Terence/+0 hand axe (8)]
  1291 | D:3      | HP: 1/25 [Terence/+0 hand axe (3)]
  1292 | D:3      | Slain by Terence

Levels and vault maps discovered:
D:1:      dpeg_arrival_water_fire, layout_basic,
          hellmonk_ecumenical_altar_slurped_away
D:2:      layout_rooms, kennysheep_generic_room_3
D:3:      layout_loops_ring, minitemple, uniq_terence, uniq_robin

Skill      XL: |  1  2  3 |
---------------+----------+-----
Ranged Weapons | 6 7 |  7.5
Fighting       | |  1.5
Dodging        | |  2.4
Stealth        | |  1.2

Action                     |  1- 3 |  4- 6 || total
---------------------------+-------+-------++-------
   Fire: Shortbow          |   150 |    24 ||   174
    Use: Scroll            |     3 |       ||     3
         Potion            |     2 |       ||     2
 Armour: Leather armour    |    14 |       ||    14
         Scale mail        |     9 |    13 ||    22
  Dodge: Dodged            |    30 |    11 ||    41

Table legend:
 A = Non-vault XP
 B = Vault XP
 C = Vault XP percentage of total XP
 D = Non-vault monster count
 E = Vault monster count
 F = Vault count percentage of total count
                 A         B        C        D         E       F
            +---------+---------+-------+---------+---------+-------
      Total |     106 |       4 |   3.6 |      50 |       2 |   3.8
            +---------+---------+-------+---------+---------+-------
        D:1 |      56 |       2 |   3.4 |      32 |       1 |   3.0
        D:2 |      21 |       2 |   8.7 |      11 |       1 |   8.3
        D:3 |      29 |       0 |   0.0 |       7 |       0 |   0.0
            +---------+---------+-------+---------+---------+-------
